AoeStats
← chilthing

African Clearing

510711682Analyzed
2v2 RM · 18h ago on Oct 2, 2026· 54m 1s· 4 players
Game mode
Random Map
Map size
Medium (4 player)
Population
200
Speed
Normal
Resources
Standard
Victory
Conquest
Starting age
Dark Age
Ending age
Imperial Age
RankedLock teamsTeams togetherTeam positionsShared explorationLock speedFull tech treeHidden civsTurbo modeCheats
Victory
Defeat
🇨🇳 Burgundians · China
859
+14
🇳🇿 Saracens · New Zealand
853
+15
🇺🇸 Varangians · United States
895
-17
🇸🇮 Slavs · Slovenia
753
-12
xCRAFTYxJOKERx
13:10 Loom
13:18 Loom
17:03 Feudal Age
22:39 Castle Age
23:17 Forging
25:46 Gold Mining
25:39 Horse Collar
25:48 Double-Bit Axe
31:58 Scale Barding Armor
33:14 Chain Barding Armor
33:39 Husbandry
36:32 Heavy Plow
chilthing
14:30 Feudal Age
15:18 Double-Bit Axe
19:59 Castle Age
20:32 Forging
22:17 Husbandry
25:15 Horse Collar
25:49 Bow Saw
26:57 Cavalier
29:01 Heavy Plow
29:27 Scale Barding Armor
32:54 Crop Rotation
34:15 Gold Mining
34:16 Stone Mining
36:30 Town Watch
37:21 Wheelbarrow
38:02 Loom
39:07 Gold Shaft Mining
45:33 Chain Barding Armor
45:50 Iron Casting
48:28 Burgundian Vineyards
49:01 Stone Shaft Mining
53:44 Imperial Age
52:36 Scale Mail Armor
Umbros
9:56 Loom
14:46 Feudal Age
14:50 Man-at-Arms
17:53 Double-Bit Axe
17:53 Horse Collar
22:06 Bloodlines
25:06 Castle Age
25:21 Light Cavalry
26:19 Long Swordsman
28:11 Scale Mail Armor
30:58 Squires
30:44 Gambesons
31:12 Forging
33:11 Husbandry
35:16 Scale Barding Armor
37:01 Wheelbarrow
36:12 Town Watch
42:02 Pikeman
sammy.adware
5:55 Loom
14:41 Feudal Age
16:42 Wheelbarrow
16:17 Man-at-Arms
21:10 Forging
21:34 Double-Bit Axe
21:33 Horse Collar
26:44 Gold Mining
26:47 Stone Mining
33:21 Castle Age
33:32 Scale Mail Armor
34:25 Squires
33:46 Pikeman
33:50 Long Swordsman
37:20 Hand Cart
39:41 Bow Saw
39:35 Heavy Plow
41:24 Iron Casting
46:12 Detinets
47:54 Gold Shaft Mining
Connection lost

Rejoining the realm…

Still unreachable

The connection could not be restored.

Session expired

The server has moved on; the page needs a fresh start.